 Dungeon Crawl Stone Soup version 0.20.1-1-g8b1a95d (webtiles) character file.

201 JeffiDaFish the Shield-Bearer (level 5, -12/29 HPs)
             Began as a Gargoyle Fighter on July 18, 2017.
             Killed by divine providence
             ... invoked by an orc priest
              (15 damage)
             ... on level 3 of the Dungeon.
             The game lasted 00:02:58 (1847 turns).

JeffiDaFish the Shield-Bearer (Gargoyle Fighter)    Turns: 1847, Time: 00:03:00

Health: -12/29     AC: 17    Str: 19    XL:     5   Next: 79%
Magic:  5/5        EV:  9    Int:  9    God:
Gold:   56         SH: 10    Dex: 15    Spells: 4/4 levels left

rFire    . . .     SeeInvis .   a - +0 flail
rCold    . . .     Gourm    .   c - +0 shield
rNeg     + . .     Faith    .   g - +0 plate armour
rPois    ∞         Spirit   .   (no helmet)
rElec    +         Reflect  .   (no cloak)
rCorr    .         Harm     .   (no gloves)
MR       .....                  j - +0 pair of boots
Stlth    ..........             (no amulet)
Regen    0.1/turn               (no ring)
MPRegen  0.1/turn               (no ring)

@: agile
A: talons 1, frail 1, negative energy resistance 1, electricity resistance,
unbreathing, petrification resistance, rot immunity, AC +4
a: no special abilities


You were on level 3 of the Dungeon.
You were hungry.

You visited 1 branch of the dungeon, and saw 3 of its levels.

You collected 56 gold pieces.

Inventory:

Hand Weapons
 a - a +0 flail (weapon)
Armour
 c - a +0 shield (worn)
 g - a +0 plate armour (worn)
 j - a +0 pair of boots (worn)
Scrolls
 e - 2 scrolls of identify
Potions
 d - a potion of might
 k - a potion of cancellation
Comestibles
 b - 5 chunks of flesh
 f - 2 bread rations
 h - a meat ration


   Skills:
 + Level 4.1 Fighting
 + Level 3.7 Maces & Flails
 + Level 4.0 Armour
 + Level 1.0 Dodging
 + Level 0.2 Stealth
 + Level 4.3 Shields


You had 4 spell levels left.
You didn't know any spells.

Dungeon Overview and Level Annotations

Branches:
Dungeon (3/15)

Altars:
Fedhas
Sif Muna


Innate Abilities, Weirdness & Mutations

You are resistant to torment.
Your stone body is resilient. (AC +4)
You are immune to poison.
You resist negative energy. (rN+)
You are resistant to electric shocks. (rElec)
You can survive without breathing.
You are immune to petrification.
You are immune to rotting.
You have sharp toenails.
You are frail. (-10% HP)


Message History

The orc priest is severely wounded.
The orc hits you but does no damage. x2
The orc priest hits you but does no damage.
The orc hits you but does no damage. x3
You hit the orc priest.
The orc priest is severely wounded.
You block the orc's attack.
The orc priest hits you but does no damage.
You block the orc's attack. The orc hits you but does no damage.
The orc closely misses you. The orc hits you but does no damage.
The orc barely misses you.
The orc priest hits you but does no damage.
You barely miss the orc priest.
The orc priest is severely wounded.
The orc closely misses you. You block the orc's attack.
The orc barely misses you. The orc closely misses you.
The orc priest calls down the wrath of Beogh upon you.
Beogh smites you!
Ouch! That really hurt!
You die...

### #..
#+##.########
#..#........##
#....#...#..#
#...........$ #
#...ooo.....⌠
#.####...o@o.....$
#.#......#..#...#..#
#........#........#
########.#.########
#.#.. #.### #.# #.#
#.#


You could see an orc priest and 4 orcs.

Vanquished Creatures
  Natasha (thrice) (D:2)
  4 gnolls (D:2)
  3 adders (D:2)
  2 oozes (D:2)
  3 dart slugs
  A leopard gecko (D:2)
  4 goblins
  7 hobgoblins
  4 jackals (D:1)
  5 kobolds
  A quokka (D:3)
  A ball python (D:1)
  2 bats (D:2)
  2 frilled lizards (D:2)
  8 rats
50 creatures vanquished.

Notes
Turn   | Place    | Note
-------+----------+-------------------------------------------
     0 | D:1      | JeffiDaFish the Gargoyle Fighter began the quest for the Orb.
     0 | D:1      | Reached XP level 1. HP: 14/14 MP: 1/1
    63 | D:1      | Reached XP level 2. HP: 18/19 MP: 2/2
   337 | D:1      | Reached XP level 3. HP: 24/24 MP: 3/3
   371 | D:1      | Gained mutation: You are frail. (-10% HP) [potion of mutation]
   371 | D:1      | Gained mutation: You have sharp toenails. [potion of mutation]
   560 | D:2      | Found a blossoming altar of Fedhas.
   574 | D:2      | Noticed Natasha
   579 | D:2      | Killed Natasha
   585 | D:2      | Reached XP level 4. HP: 23/26 MP: 4/4
   877 | D:2      | Reached XP level 5. HP: 25/29 MP: 5/5
   898 | D:2      | Noticed Natasha
   904 | D:2      | Killed Natasha
  1097 | D:2      | Noticed Natasha
  1114 | D:2      | Killed Natasha
  1114 | D:2      | Reached skill level 1 in Dodging
  1396 | D:2      | Found a deep blue altar of Sif Muna.
  1847 | D:3      | Killed from afar by an orc priest

Skill      XL: |  1  2  3  4  5 |
---------------+----------------+-----
Fighting       | 4 |  4.1
Maces & Flails | 3 |  3.7
Shields        | 4 |  4.3
Armour         | 4 |  4.0
Dodging        | 1 |  1.0
Stealth        | |  0.2

Action                   |  1- 3 |  4- 6 || total
-------------------------+-------+-------++-------
Melee: Flail             |    84 |   147 ||   231
       Kick              |     1 |       ||     1
  Use: Scroll            |     3 |     2 ||     5
       Potion            |     4 |     4 ||     8
  Eat: Chunk             |       |     3 ||     3
Armor: Scale mail        |    43 |    49 ||    92
       Plate armour      |       |    63 ||    63
Dodge: Dodged            |    32 |    57 ||    89
Block: Shield            |    45 |    94 ||   139
